 Dungeon Crawl Stone Soup version 0.21-a0-615-g8e08f28 (webtiles) character file.

692 slep the Chopper (level 7, -2/36 HPs)
             Began as a Vine Stalker Gladiator on Dec 23, 2017.
             Was an Initiate of Okawaru.
             Slain by Prince Ribbit (11 damage)
             ... on level 5 of the Dungeon.
             The game lasted 00:17:38 (3658 turns).

slep the Chopper (Vine Stalker Gladiator)           Turns: 3658, Time: 00:17:38

Health: -2/36      AC:  9    Str: 19    XL:     7   Next: 63%
Magic:  0/8        EV: 14    Int:  8    God:    Okawaru [......]
Gold:   213        SH:  0    Dex: 17    Spells: 6/6 levels left

rFire    . . .     SeeInvis .   a - +0 war axe
rCold    . . .     Gourm    .   (no shield)
rNeg     . . .     Faith    .   n - +2 robe {MR+}
rPois    +         Spirit   +   c - +0 helmet
rElec    .         Reflect  .   w - scarf {cloud immunity}
rCorr    .         Harm     .   (no gloves)
MR       +....                  (no boots)
Stlth    ++........             (no amulet)
HPRegen  0.52/turn              e - ring of poison resistance
MPRegen  0.11/turn              (no ring)

@: no status effects
A: fangs 2, molten scales 1, slimy green scales 1, regeneration 1, strong 1,
magic shield, antimagic bite, no potion heal 3, rot immunity
a: Renounce Religion


You were on level 5 of the Dungeon.
You worshipped Okawaru.
Okawaru was noncommittal.
You were not hungry.

You visited 2 branches of the dungeon, and saw 6 of its levels.
You also visited: Sewer.

You collected 213 gold pieces.

Inventory:

Hand Weapons
 a - a +0 war axe (weapon)
 y - a +0 blowgun
 B - a +0 blowgun
Missiles
 d - 3 throwing nets (quivered)
 q - 42 poisoned needles
 E - 23 sling bullets
Armour
 b - a +0 leather armour
 c - a +0 helmet (worn)
 n - a +2 robe of magic resistance (worn)
 v - a +0 leather armour of magic resistance
 w - a scarf of cloud immunity (worn)
 A - a +0 leather armour of cold resistance
Jewellery
 e - a ring of poison resistance (left hand)
Scrolls
 h - 6 scrolls of identify {unknown}
 i - 3 scrolls of teleportation {unknown}
 k - 5 scrolls of enchant armour {unknown}
 o - a scroll of fear {unknown}
 p - 2 scrolls of magic mapping {unknown}
 t - 3 scrolls of enchant weapon {unknown}
 x - 2 scrolls of remove curse {unknown}
Potions
 g - a potion of ambrosia {unknown}
 j - 2 potions of mutation
 l - 2 potions of heal wounds
 r - a potion of flight {unknown}
 s - a potion of degeneration {unknown}
 u - 3 potions of brilliance {unknown}
 z - 5 potions of curing {unknown}
 C - a potion of might {unknown}
 D - 2 potions of agility {unknown}
Comestibles
 f - 8 rations
 F - a chunk of flesh


   Skills:
 + Level 3.5 Fighting
 + Level 5.9 Axes
 + Level 1.8 Throwing
 + Level 0.6 Armour
 + Level 3.6 Dodging
 + Level 3.0 Stealth


You had 6 spell levels left.
You didn't know any spells.

Dungeon Overview and Level Annotations

Branches:
Dungeon (5/15)             Temple (1/1) D:4

Altars:
Ashenzari
Dithmenos
Elyvilon
Fedhas
Hepliaklqana
Kikubaaqudgha
Nemelex Xobeh
Okawaru
Qazlal
Ru
Trog
Uskayaw
Wu Jian
Yredelemnul
Zin
The Shining One

Shops:
D:5 (

Annotations:
D:3 Blork the orc
D:5 Prince Ribbit


Innate Abilities, Weirdness & Mutations

You have extremely sharp teeth.
Your natural rate of healing is unusually fast.
When hurt, damage is shared between your health and your magic reserves.
Your bite disrupts and absorbs the magic of your enemies.
Potions cannot restore your health.
You are immune to rotting.
You are partially covered in molten scales. (AC +2)
You are partially covered in slimy green scales. (AC +2)
Your muscles are strong. (Str +2)


Message History

Prince Ribbit looks slightly unstable.
Prince Ribbit blinks!
Prince Ribbit blinks!
Your transformation is almost over.
You start resting.
Eating one of 2 chunks of flesh.
You eat one of the 2 chunks of flesh.
This raw flesh tastes terrible.
You feel less wooden.
Your scarf of cloud immunity unmelds from your body.
Your +0 helmet unmelds from your body.
Your +2 robe of magic resistance unmelds from your body.
You feel immune to the effects of clouds.
You feel resistant to hostile enchantments.
You now have 213 gold pieces (gained 11).
Prince Ribbit croaks regally.
Prince Ribbit is too close now for your liking.
You barely miss Prince Ribbit.
Prince Ribbit is severely wounded.
Prince Ribbit hits you!
* * * LOW HITPOINT WARNING * * *
Prince Ribbit hits you!
You die...

..............#
...../..........
...............# #
?...............##.#
...............)....
..................#
...........†......#
....$......††.....#
..?.........@.....#
...........F.....#
.................# #
####....#..###.## #. #
#. ###.............
#.##
#..###..........##.###
... #...†..#..?####.#
.# #. #............#
.# .# ####.
#..#####...#.....
#....


You could see Prince Ribbit.

Vanquished Creatures
  A centaur (D:4)
  A scorpion (D:4)
  2 orc wizards (D:4)
  Jessica (D:2)
  2 iguanas (D:5)
  A worker ant (D:5)
  A hound zombie (D:5)
  A hound skeleton (D:4)
  14 adders
  10 river rats
  5 worms
  2 dart slugs
  6 leopard geckos
  8 orcs
  5 bats (D:1)
  3 giant cockroaches
  12 goblins
  6 hobgoblins
  12 jackals
  25 kobolds
  A quokka (D:4)
  5 ball pythons
  11 frilled lizards
  A jackal skeleton (D:4)
  A quokka zombie (D:2)
  26 rats
163 creatures vanquished.

Notes
Turn   | Place    | Note
-------+----------+-------------------------------------------
     0 | D:1      | slep the Vine Stalker Gladiator began the quest for the Orb.
     0 | D:1      | Reached XP level 1. HP: 11/11 MP: 2/2
   105 | D:1      | Reached XP level 2. HP: 9/15 MP: 3/3
   115 | D:1      | Reached skill level 3 in Axes
   333 | D:1      | Reached XP level 3. HP: 14/18 MP: 4/4
   842 | D:2      | Noticed Jessica
   847 | D:2      | Killed Jessica
   847 | D:2      | Gained mutation: Your natural rate of healing is unusually fast. [Vine Stalker growth]
   847 | D:2      | Reached XP level 4. HP: 3/23 MP: 1/5
  1236 | D:3      | Reached XP level 5. HP: 27/27 MP: 6/6
  1351 | D:3      | Reached skill level 4 in Axes
  1400 | D:3      | Reached skill level 1 in Stealth
  1757 | D:3      | Noticed Blork the orc
  1922 | D:4      | Reached XP level 6. HP: 15/32 MP: 2/7
  2049 | D:4      | Reached skill level 5 in Axes
  2092 | D:4      | Found a glowing drain.
  2096 | Sewer    | Entered a sewer
  2261 | Sewer    | Reached XP level 7. HP: 33/36 MP: 8/8
  2837 | D:4      | Found a staircase to the Ecumenical Temple.
  2844 | Temple   | Entered the Ecumenical Temple
  2897 | Temple   | Became a worshipper of Warmaster Okawaru
  3401 | D:5      | Entered Level 5 of the Dungeon
  3596 | D:5      | Found Cuv Saoj's Antique Weapon Boutique.
  3611 | D:5      | Noticed Prince Ribbit
  3624 | D:5      | Gained mutation: You are partially covered in molten scales. (AC +2) [potion of mutation]
  3624 | D:5      | Gained mutation: Your muscles are strong. (Str +2) [potion of mutation]
  3624 | D:5      | Gained mutation: You are partially covered in slimy green scales. (AC +2) [potion of mutation]
  3658 | D:5      | Slain by Prince Ribbit

Vault maps used:
D:1:      dpeg_arrival_more_subterranean_lakeside_camping
D:2:      serial_curves, eino_curves_02, eino_curves_03,
          kennysheep_generic_room_9, uniq_jessica
D:3:      tgw_sif
D:4:      temple_green, first_ration, lightli_sewer_entry_pipes,
          serial_bayou_crossing
D:5:      serial_shops, nicolae_shop_temple_entry_statues_fountains, shop,
          wad_floor_pattern_1, uniq_prince_ribbit1
Temple:   eino_temple_scatter_basement
Sewer:    sewer_minmay_treatment

Skill      XL: |  1  2  3  4  5  6  7 |
---------------+----------------------+-----
Axes           | 3 4 5 |  5.9
Fighting       | 2 3 |  3.5
Dodging        | 3 |  3.6
Stealth        | 1 2 3 |  3.0
Throwing       | |  1.8
Armour         | |  0.6

Action                   |  1- 3 |  4- 6 |  7- 9 || total
-------------------------+-------+-------+-------++-------
Melee: War axe           |    71 |   212 |   105 ||   388
       Bite              |    12 |    52 |    28 ||    92
  Use: Potion            |       |       |     3 ||     3
 Stab: Sleeping          |     1 |     6 |     2 ||     9
  Eat: Chunk             |       |     4 |     6 ||    10
Armor: Leather armour    |    34 |     2 |       ||    36
       Robe              |       |    55 |    22 ||    77
       Skin              |       |       |    33 ||    33
Dodge: Dodged            |    66 |   156 |    84 ||   306

Table legend:
 A = Spawn XP
 B = Non-spawn XP
 C = Spawn XP percentage of total XP
 D = Spawn monster count
 E = Non-spawn monster count
 F = Spawn count percentage of total count
 G = Total turns spent on level
                    A         B        C        D         E        F      G
               +---------+---------+-------+---------+---------+-------+---------
         Total |       0 |     989 |   0.0 |       0 |     163 |   0.0 |  3658
               +---------+---------+-------+---------+---------+-------+---------
           D:1 |       0 |      39 |   0.0 |       0 |      21 |   0.0 |   701
           D:2 |       0 |      93 |   0.0 |       0 |      18 |   0.0 |   424
           D:3 |       0 |      99 |   0.0 |       0 |      32 |   0.0 |   688
           D:4 |       0 |     461 |   0.0 |       0 |      31 |   0.0 |   920
           D:5 |       0 |     145 |   0.0 |       0 |      13 |   0.0 |   257
         Sewer |       0 |     152 |   0.0 |       0 |      48 |   0.0 |   488
               +---------+---------+-------+---------+---------+-------+---------
